 Dungeon Crawl Stone Soup version 0.23.2-33-g5129a83184 (webtiles) character file.

Game seed: 11352549493953112781

9109 Folque the Destroyer (level 10, -5/78 HPs)
             Began as a Demigod Conjurer on July 10, 2019.
             Slain by an unseen horror (9 damage)
             ... on level 11 of the Dungeon.
             The game lasted 00:50:13 (13886 turns).

Folque the Destroyer (Demigod Conjurer)            Turns: 13886, Time: 00:50:14

Health: -5/78      AC:  6    Str: 13    XL:     10   Next: 99%
Magic:  4/22       EV: 11    Int: 23    God:
Gold:   629        SH:  0    Dex: 16    Spells: 7/20 levels left

rFire    . . .     SeeInvis .   w - +4 dire flail (crush)
rCold    . . .     Gourm    .   (shield currently unavailable)
rNeg     . . .     Faith    .   g - +0 ring mail
rPois    .         Spirit   .   (no helmet)
rElec    .         Reflect  .   (no cloak)
rCorr    .         Harm     .   (no gloves)
MR       +....                  (no boots)
Stlth    ++........             (no amulet)
HPRegen  0.23/turn              p - ring of stealth
MPRegen  0.18/turn              (no ring)

@: hasted, very quick
A: high mp 1
a: no special abilities


You were on level 11 of the Dungeon.
You were not hungry.

You visited 2 branches of the dungeon, and saw 12 of its levels.

You collected 657 gold pieces.
You spent 28 gold pieces at shops.

Inventory:

Hand Weapons
 f - a +0 short sword
 o - a +1 short sword of venom
 w - a +4 dire flail of crushing (weapon)
 G - a +0 blowgun
 N - a +0 arbalest
Missiles
 l - 82 poisoned needles
 t - 18 tomahawks (quivered)
Armour
 a - a +0 robe
 g - a +0 ring mail (worn)
 B - a +0 buckler
 C - a scarf of resistance
Jewellery
 p - a ring of stealth (left hand)
 x - an uncursed ring of see invisible {unknown}
 F - a +5 amulet of reflection {unknown}
 I - an uncursed ring of protection from fire {unknown}
 J - an uncursed amulet of the acrobat {unknown}
Wands
 q - a wand of paralysis (5)
 u - a wand of random effects (17)
 D - a wand of disintegration (8)
 H - a wand of polymorph (9)
 K - a wand of iceblast (14)
 M - a wand of flame (13)
 O - a wand of enslavement (13)
 P - a wand of acid (10)
Scrolls
 b - 2 scrolls of magic mapping {unknown}
 i - 3 scrolls of teleportation
 k - 3 scrolls of enchant weapon {unknown}
 m - 5 scrolls of remove curse
 n - a scroll of fear {unknown}
 s - 4 scrolls of enchant armour {unknown}
 y - 5 scrolls of identify
 z - a scroll of fog {unknown}
 A - 5 scrolls of amnesia {unknown}
 Q - a scroll of torment {unknown}
Potions
 e - a potion of berserk rage
 h - 2 potions of brilliance {unknown}
 j - a potion of agility
 r - a potion of invisibility {unknown}
 v - a potion of resistance {unknown}
 E - 4 potions of mutation {unknown}
 L - 2 potions of ambrosia {unknown}
Comestibles
 c - 21 rations
 R - 3 chunks of flesh


   Skills:
 + Level 4.1 Fighting
 - Level 6.3 Armour
 - Level 1.7 Dodging
 - Level 1.7 Stealth
 + Level 5.5 Spellcasting
 * Level 10.1 Conjurations
 - Level 7.0 Hexes
 - Level 5.0 Evocations


You had 7 spell levels left.
You knew the following spells:

 Your Spells              Type           Power        Failure   Level  Hunger
a - Magic Dart            Conj           ####         1%          1    None
b - Searing Ray           Conj           ######       1%          2    None
c - Dazzling Spray        Conj/Hex       #####.       1%          3    ##.....
d - Fulminant Prism       Conj/Hex       #####.....   4%          4    ####...
e - Conjure Flame         Conj/Fire      ####....     6%          3    ##.....

Your spell library contained the following spells:

 Spells                   Type           Power        Failure   Level  Hunger
 Slow                     Hex            #####...     1%          2    None
 Iskenderun's Mystic Bla  Conj           ######..     2%          4    ####...
 Mephitic Cloud           Conj/Pois/Air  ###.....     13%         3    ##.....
 Force Lance              Conj/Tloc      ####....     22%         4    ####...
 Blink                    Tloc           N/A          26%         2    None
 Call Imp                 Summ           #.......     26%         2    None


Dungeon Overview and Level Annotations

Branches:
Dungeon (11/15)            Temple (1/1) D:6            Lair (0/6) D:8
    Orc (0/2) D:10

Shops:
D:5 :[!**   D:8 [   D:10 (


Innate Abilities, Weirdness & Mutations

You have an increased reservoir of magic. (+10% MP)


Message History

Something hits you!
* * * LOW HITPOINT WARNING * * *
Something hits you.
* * * LOW HITPOINT WARNING * * *
The searing ray hits the crimson imp!
You kill the crimson imp!
Something hits you.
* * * LOW HITPOINT WARNING * * *
Something hits you but does no damage.
The searing ray hits something!
You finish channeling your searing ray.
Something completely misses you.
You feel yourself speed up. Something hits you but does no damage.
Something hits you.
* * * LOW HITPOINT WARNING * * *
Something hits you.
* * * LOW HITPOINT WARNING * * *
You see here a ring mail.
Something hits you but does no damage. Something hits you!
You die...

..# ####..### ..# #..<....# #.#
#.......# #.# ##+#### #.......#
#.# #...... #.......# #.#
#...... #...(...#### #.# #......
#.......'..#####.#########......
#......<##.....@.[.......').....
#.......########)#########......
#.......# #.# #...... #####+###
#.# #####.. #.# #. #.# . #.# S
#+#


There were no monsters in sight!

Vanquished Creatures
  A two-headed ogre (D:10)
  An unseen horror (D:8)
  Pikel (D:4)
  2 centaur zombies (D:10)
  A hippogriff (D:7)
  2 centaur simulacra (D:10)
  Sigmund (D:2)
  2 yaks (D:9)
  A steam dragon (D:10)
  Menkaure (D:4)
  Edmund (D:4)
  Duvessa (D:7)
  A slave (D:3)
  7 orc warriors
  A black bear (D:8)
  An eye of draining (D:9)
  3 ice beasts
  A sky beast (D:8)
  6 ogres
  A wolf (D:10)
  2 phantoms
  4 centaurs
  A big kobold (D:7)
  6 bullfrogs
  2 wyvern zombies (D:10)
  A water moccasin zombie (D:7)
  4 scorpions
  Dowan (D:7)
  4 killer bees (D:10)
  5 howler monkeys
  6 crimson imps
  A bullfrog zombie (D:10)
  3 bullfrog skeletons (D:6)
  2 gnoll shamans
  8 hounds
  4 orc wizards
  8 orc priests
  4 jellies
  An iron imp (D:6)
  Jessica (D:3)
  5 iguanas
  7 worker ants
  2 hound zombies
  A spectral worker ant (D:10)
  A hound skeleton (D:8)
  A howler monkey zombie (D:5)
  A howler monkey skeleton (D:9)
  8 gnolls
  10 adders
  2 hound simulacra (D:10)
  4 shadow imps
  A white imp (D:10)
  An adder zombie (D:8)
  3 adder skeletons
  A worm (D:2)
  A dart slug (D:3)
  5 leopard geckos
  69 orcs
  3 bats
  6 giant cockroaches
  9 goblins
  7 hobgoblins
  13 jackals
  10 kobolds
  4 quokkas
  A ball python skeleton (D:4)
  6 frilled lizards
  A jackal skeleton (D:4)
  A leopard gecko zombie (D:5)
  13 rats
301 creatures vanquished.

Vanquished Creatures (others)
  2 orcs
  61 fulminant prisms
63 creatures vanquished.

Grand Total: 364 creatures vanquished

Notes
Turn   | Place    | Note
-------+----------+-------------------------------------------
     0 | D:1      | Folque the Demigod Conjurer began the quest for the Orb.
     0 | D:1      | Reached XP level 1. HP: 14/14 MP: 5/5
   398 | D:1      | Reached XP level 2. HP: 17/22 MP: 4/7
   785 | D:2      | Reached skill level 4 in Conjurations
   859 | D:1      | Learned a level 2 spell: Searing Ray
  1030 | D:2      | Reached skill level 1 in Fighting
  1075 | D:2      | Reached XP level 3. HP: 26/28 MP: 1/9
  1300 | D:2      | Learned a level 3 spell: Dazzling Spray
  1727 | D:3      | Noticed Sigmund
  1964 | D:2      | Killed Sigmund
  1964 | D:2      | Reached XP level 4. HP: 24/35 MP: 0/12
  1964 | D:2      | Reached XP level 5. HP: 28/40 MP: 0/13
  1970 | D:2      | Learned a level 4 spell: Fulminant Prism
  2153 | D:3      | Found a sparkling altar of Nemelex Xobeh.
  2477 | D:3      | Noticed Jessica
  2481 | D:3      | Killed Jessica
  2481 | D:3      | Reached skill level 5 in Conjurations
  2481 | D:3      | Reached skill level 1 in Hexes
  2682 | D:3      | Reached XP level 6. HP: 36/47 MP: 3/15
  2912 | D:4      | Reached skill level 1 in Armour
  2924 | D:4      | Noticed Menkaure
  3205 | D:4      | Killed Menkaure
  3205 | D:4      | Reached XP level 7. HP: 40/52 MP: 3/16
  3669 | D:4      | Noticed Edmund
  3680 | D:4      | Killed Edmund
  3829 | D:4      | Reached skill level 5 in Hexes
  3843 | D:4      | Noticed Pikel
  3866 | D:4      | Killed Pikel
  3866 | D:4      | Reached XP level 8. HP: 23/59 MP: 1/17
  4298 | D:5      | Entered Level 5 of the Dungeon
  4308 | D:5      | Found Hapuaco's General Store.
  4322 | D:5      | Found Waighit's Assorted Antiques.
  4552 | D:5      | Found Uhulotu's Distillery.
  4563 | D:5      | Bought 2 potions of degeneration for 28 gold pieces
  4610 | D:5      | Found Kaseriu's Antique Armour Shop.
  4698 | D:5      | Found a shimmering altar of Xom.
  4766 | D:5      | Found a burning altar of Makhleb.
  4768 | D:5      | Found an iron altar of Okawaru.
  4771 | D:5      | Found a blossoming altar of Fedhas.
  4772 | D:5      | Found a stormy altar of Qazlal.
  4773 | D:5      | Found a glowing silver altar of Zin.
  4773 | D:5      | Found a shattered altar of Ashenzari.
  4774 | D:5      | Found a hide-covered altar of Uskayaw.
  4776 | D:5      | Found a white marble altar of Elyvilon.
  4777 | D:5      | Found an opulent altar of Gozag.
  4778 | D:5      | Found a shadowy altar of Dithmenos.
  4906 | D:5      | Learned a level 3 spell: Conjure Flame
  4936 | D:5      | Found Fumiedan's Book Shoppe.
  5275 | D:6      | Reached skill level 6 in Conjurations
  5339 | D:6      | Found a staircase to the Ecumenical Temple.
  5347 | Temple   | Entered the Ecumenical Temple
  5502 | D:6      | Reached skill level 5 in Armour
  6129 | D:6      | Found a snail-covered altar of Cheibriados.
  6501 | D:6      | Reached skill level 1 in Evocations
  6501 | D:6      | Reached XP level 9. HP: 61/64 MP: 8/18
  6699 | D:7      | Noticed Duvessa
  6715 | D:7      | Noticed Dowan
  6976 | D:7      | Reached skill level 7 in Conjurations
  7485 | D:7      | Found a bloodstained altar of Trog.
  7615 | D:7      | Killed Dowan
  7620 | D:7      | Killed Duvessa
  9114 | D:8      | Found Cenanoaf's Antique Armour Shoppe.
  9332 | D:8      | Found a roughly hewn altar of Beogh.
  9523 | D:8      | HP: 2/64 [something (3)]
  9530 | D:8      | Killed an unseen horror
  9530 | D:8      | Reached skill level 8 in Conjurations
  9920 | D:8      | Reached XP level 10. HP: 54/71 MP: 7/19
 10018 | D:8      | Reached skill level 5 in Evocations
 10116 | D:8      | Found a staircase to the Lair.
 10832 | D:9      | Found a radiant altar of Vehumet.
 11367 | D:10     | Entered Level 10 of the Dungeon
 11367 | D:10     | Noticed a two-headed ogre
 11731 | D:9      | Reached skill level 9 in Conjurations
 12074 | D:8      | HP: 2/74 [something/puff of flame (9)]
 12079 | D:7      | HP: 1/111 [something (3)]
 12619 | D:10     | Killed a two-headed ogre
 12619 | D:10     | Reached skill level 5 in Spellcasting
 12889 | D:10     | Found a roughly hewn altar of Beogh.
 12931 | D:10     | Found a staircase to the Orcish Mines.
 13021 | D:10     | Found Jybemek's Weapon Shoppe.
 13640 | D:10     | Reached skill level 10 in Conjurations
 13884 | D:11     | HP: 3/78 [something (1)]
 13886 | D:11     | Slain by an unseen horror

Skill      XL: |  1  2  3  4  5  6  7  8  9 10 |
---------------+-------------------------------+-----
Spellcasting   | 2 3 4 5 |  5.5
Conjurations   | 4 5 6 8 10 | 10.1
Fighting       | 1 4 |  4.1
Hexes          | 1 3 6 7 |  7.0
Armour         | 2 4 5 6 |  6.3
Evocations     | 1 4 5 |  5.0
Dodging        | |  1.7
Stealth        | |  1.7

Action                   |  1- 3 |  4- 6 |  7- 9 | 10-12 || total
-------------------------+-------+-------+-------+-------++-------
Melee: Unarmed           |     5 |       |       |       ||     5
       Short sword       |    57 |    45 |    15 |       ||   117
       Dire flail        |       |       |    74 |    83 ||   157
 Cast: Magic Dart        |    26 |     4 |    27 |    42 ||    99
       Searing Ray       |     4 |     9 |    47 |    34 ||    94
       Dazzling Spray    |     3 |     5 |    31 |    24 ||    63
       Fulminant Prism   |       |     5 |    29 |    27 ||    61
       Conjure Flame     |       |       |     1 |       ||     1
Evoke: Wand              |       |       |       |     1 ||     1
  Use: Scroll            |       |     3 |     2 |     1 ||     6
       Potion            |       |     2 |     5 |     5 ||    12
 Stab: Sleeping          |     2 |     2 |     1 |       ||     5
       Invisible         |       |       |     1 |       ||     1
  Eat: Chunk             |     3 |     6 |    27 |    15 ||    51
       Ration            |       |       |       |     1 ||     1
Armor: Robe              |     6 |     7 |    10 |       ||    23
       Ring mail         |       |       |    43 |    66 ||   109
Dodge: Dodged            |    46 |    28 |   108 |    91 ||   273
